[Event "fics rated crazyhouse match"]
[Site "fics, Oklahoma City, OK USA"]
[Date "2000.03.15"]
[White "LordPixel"]
[WhiteElo "2386"]
[Black "Eyefor"]
[BlackElo "2404"]
[TimeControl "60+0"]
[Result "1-0"]

1. e4 e6 2. d4 d5 3. exd5 exd5 4. Bb5+ c6 5. Qe2+ Qe7 6. Bf4 
cxb5 7. Qxe7+ Bxe7 8. Nc3 Nc6 9. P@d6 Nxd4 10. Q@d3 Q@c4 11. dxe7 Qxd3 
12. cxd3 Nc2+ 13. Kd2 Nxe7 14. Kxc2 B@a4+ 15. Nxa4 P@c7 16. Nc5 P@d6 17. Bxd6 
cxd6 18. N@c7+ Kd8 19. Nxa8 dxc5 20. Q@c7+ Ke8 21. R@d8# 
{Eyefor checkmated} 1-0

[Event "fics rated crazyhouse match"]
[Site "fics, Oklahoma City, OK USA"]
[Date "2000.03.15"]
[White "Eyefor"]
[WhiteElo "2396"]
[Black "LordPixel"]
[BlackElo "2394"]
[TimeControl "60+0"]
[Result "1-0"]

1. e4 e6 2. d4 Nf6 3. e5 Nd5 4. Nf3 Nc6 5. Be2 d6 6. exd6 
cxd6 7. O-O Be7 8. c4 Nb6 9. Nc3 P@g4 10. Ne1 Bf6 11. d5 Bxc3 
12. bxc3 exd5 13. cxd5 Ne5 14. P@f4 N@e4 15. fxe5 dxe5 16. B@b5+ Kf8 17. P@h6 
Nxc3 18. hxg7+ Kxg7 19. P@f6+ Kxf6 20. N@h5+ Kg6 21. Qc2+ Kxh5 22. Qxc3 Kg6 
23. Qxe5 f6 24. Qe4+ Kf7 25. P@e6+ Kf8 26. Bh6+ P@g7 27. Qxh7 N@h3+ 28. gxh3 
Rxh7 29. N@g6+ Kg8 30. P@f7# 
{LordPixel checkmated} 1-0

[Event "fics rated crazyhouse match"]
[Site "fics, Oklahoma City, OK USA"]
[Date "2000.03.15"]
[White "LordPixel"]
[WhiteElo "2386"]
[Black "Eyefor"]
[BlackElo "2404"]
[TimeControl "60+0"]
[Result "1-0"]

1. e4 Nf6 2. Nc3 e6 3. e5 Nd5 4. d4 Bb4 5. Bd2 Bxc3 6. bxc3 
N@e4 7. Ne2 Nxf2 8. Kxf2 P@e3+ 9. Bxe3 Nxe3 10. Kxe3 d6 11. exd6 Qxd6 
12. P@e5 Qe7 13. B@b4 Qd7 14. N@f6+ gxf6 15. N@g7+ Kd8 16. P@e7+ Qxe7 17. Bxe7+ 
Kxe7 18. exf6+ Kxf6 19. Q@e5+ Ke7 20. Qxc7+ Nd7 21. P@d6+ Kf8 22. Nxe6+ Kg8 
23. Qd8+ B@f8 24. P@e7 fxe6 25. e8=Q N@c4+ 26. Kf3 P@e4+ 27. Kg3 N@f5+ 28. Kh3 
P@g4+ 29. Kxg4 Nce3+ 30. Kf4 P@e5+ 31. dxe5 Nxd1 32. Qg5+ B@g6 33. P@f7+ Kg7 
34. P@f6+ Nxf6 35. exf6# 
{Eyefor checkmated} 1-0

[Event "fics rated crazyhouse match"]
[Site "fics, Oklahoma City, OK USA"]
[Date "2000.03.16"]
[White "Eyefor"]
[WhiteElo "2396"]
[Black "LordPixel"]
[BlackElo "2394"]
[TimeControl "60+0"]
[Result "0-1"]

1. e4 e6 2. d4 Nc6 3. Be3 d5 4. e5 Nge7 5. Nh3 Nf5 6. Be2 
Nxe3 7. fxe3 Qh4+ 8. Nf2 Bb4+ 9. c3 Be7 10. N@b5 Bd8 11. Nd2 Qg5 
12. Ng4 h5 13. Nf2 B@g6 14. Rg1 Qxe3 15. Nf1 Qxf2+ 16. Kxf2 N@e4+ 17. Kf3 
P@g4+ 18. Ke3 Bg5+ 19. Q@f4 Bxf4+ 20. Kxf4 Q@g5# 
{Eyefor checkmated} 0-1

[Event "fics rated crazyhouse match"]
[Site "fics, Oklahoma City, OK USA"]
[Date "2000.03.16"]
[White "LordPixel"]
[WhiteElo "2402"]
[Black "Eyefor"]
[BlackElo "2388"]
[TimeControl "60+0"]
[Result "0-1"]

1. e4 e6 2. d4 d6 3. Nf3 Nf6 4. Bd3 Nc6 5. c3 e5 6. d5 
Nb8 7. h3 Nbd7 8. Be3 h6 9. Na3 Qe7 10. Qa4 a6 11. Nb5 Qd8 
12. Rd1 axb5 13. Qxa8 N@c4 14. Bxc4 bxc4 15. N@a7 B@b8 16. Nxc8 Qxc8 17. B@c2 
N@c5 18. R@b4 Nfxe4 19. Bxe4 Nxe4 20. N@a7 Qd8 21. Rxc4 Bxa7 22. Qxd8+ Kxd8 
23. Q@a8+ B@c8 24. Qxa7 N@c2+ 25. Kf1 Nxe3+ 26. Qxe3 P@c2 27. Re1 Nef6 28. Qe2 
Nb6 29. Rh4 Nbxd5 30. Qxc2 B@a6+ 31. P@c4 P@g4 32. Nd2 gxh3 33. R4xh3 Bxh3 
34. Rxh3 P@g4 35. Rh2 Q@f4 36. g3 Bxc4+ 37. Kg1 P@b3 38. axb3 Bxb3 39. gxf4 
Bxc2 40. fxe5 P@g3 41. fxg3 dxe5 42. Q@a8+ R@c8 43. Qxb7 P@e3 44. N@c6+ Kd7 
45. Nxe5+ Ke7 46. B@c5+ Kd8 
{LordPixel forfeits on time} 0-1

[Event "fics rated crazyhouse match"]
[Site "fics, Oklahoma City, OK USA"]
[Date "2000.03.16"]
[White "Eyefor"]
[WhiteElo "2396"]
[Black "LordPixel"]
[BlackElo "2394"]
[TimeControl "60+0"]
[Result "0-1"]

1. e4 e6 2. d4 d5 3. exd5 exd5 4. Bb5+ Nc6 5. Qe2+ Qe7 6. Bf4 
Qxe2+ 7. Nxe2 Bb4+ 8. Nbc3 Ba5 9. P@a6 Bxc3+ 10. Nxc3 Q@e7+ 11. B@e5 N@b4 
12. axb7 Bxb7 13. Kd1 P@a3 14. bxa3 P@b2 15. Rb1 Nxc2 16. Kxc2 Qxa3 17. Rxb2 
P@d3+ 18. Bxd3 Nxe5 19. Bxe5 B@d2 20. Rb3 Qxb3+ 21. axb3 Bxc3 22. Q@b5+ N@c6 
23. Qxb7 Nxe5 24. Qxa8+ R@d8 25. Qxd8+ Kxd8 26. R@e8+ Kxe8 27. R@f8+ Kxf8 28. Q@c5+ 
B@d6 29. Qxc3 Q@a2+ 30. P@b2 Nxd3 31. Qxd3 R@c6+ 32. P@c5 B@e4 33. P@e7+ Bxe7 
34. N@e6+ Rxe6 35. Qxe4 dxe4 36. N@d7+ Ke8 37. P@d5 Q@d3+ 38. Kc1 R@b1# 
{Eyefor checkmated} 0-1

[Event "fics rated crazyhouse match"]
[Site "fics, Oklahoma City, OK USA"]
[Date "2000.03.16"]
[White "Eyefor"]
[WhiteElo "2380"]
[Black "LordPixel"]
[BlackElo "2410"]
[TimeControl "60+0"]
[Result "1-0"]

1. e4 Nf6 2. Nc3 d5 3. exd5 Nxd5 4. Nf3 e6 5. d4 Bb4 6. Bd2 
Bxc3 7. Bxc3 Nxc3 8. bxc3 P@b2 9. B@b5+ B@c6 10. Rb1 N@e4 11. N@a4 Nxf2 
12. Kxf2 P@e4 13. Ne5 Bxb5 14. Bxb5+ B@d7 15. Nxd7 Nxd7 16. Nc5 e3+ 17. Kxe3 
N@d5+ 18. Kd3 Qg5 19. Bxd7+ Bxd7 20. P@f2 B@f5+ 21. P@e4 Nf4+ 22. Kc4 Bxe4 
23. N@d6+ cxd6 24. N@c7+ Ke7 25. Nxe4 P@d5+ 26. Kb3 dxe4 27. Kxb2 Rac8 28. B@h4 
N@c4+ 29. Ka1 Qxh4 30. P@g3 Qf6 31. Rxb7 Nxg2 32. P@g5 Qxf2 33. Rf1 P@e2 
34. B@f6+ Kf8 35. Bxg7+ Kxg7 36. Rxf2 exd1=Q+ 37. B@b1 P@b2+ 38. Rxb2 Nxb2 39. P@f6+ 
Kf8 40. Q@g7# 
{LordPixel checkmated} 1-0

[Event "fics rated crazyhouse match"]
[Site "fics, Oklahoma City, OK USA"]
[Date "2000.03.16"]
[White "LordPixel"]
[WhiteElo "2401"]
[Black "Eyefor"]
[BlackElo "2389"]
[TimeControl "60+0"]
[Result "1-0"]

1. e4 Nf6 2. Nc3 d5 3. exd5 Nxd5 4. d4 e6 5. Nxd5 exd5 6. Nf3 
Nc6 7. Be2 P@e4 8. Ne5 Nxe5 9. dxe5 N@c4 10. Bxc4 dxc4 11. Qxd8+ Kxd8 
12. Q@d5+ Ke8 13. N@g5 N@e6 14. Nxf7 Bb4+ 15. P@c3 Q@d4 16. Qxd4 Nxd4 17. Q@d8+ 
Kxf7 18. P@g6+ Ke6 19. N@f4+ Kxe5 20. N@f7+ Kf5 21. Qg5# 
{Eyefor checkmated} 1-0

[Event "fics rated crazyhouse match"]
[Site "fics, Oklahoma City, OK USA"]
[Date "2000.03.16"]
[White "Eyefor"]
[WhiteElo "2381"]
[Black "LordPixel"]
[BlackElo "2409"]
[TimeControl "60+0"]
[Result "0-1"]

1. e4 Nf6 2. Nc3 e6 3. e5 Nd5 4. d4 Bb4 5. Bd2 Bxc3 6. bxc3 
N@e4 7. Ne2 Nxf2 8. Kxf2 P@e3+ 9. Bxe3 Nxe3 10. Kxe3 d6 11. exd6 Qxd6 
12. P@e5 Qe7 13. B@b4 Qd7 14. N@f6+ gxf6 15. N@g7+ Kd8 16. P@e7+ Qxe7 17. Bxe7+ 
Kxe7 18. exf6+ Kxf6 19. Q@e5+ Ke7 20. Qxc7+ Nd7 21. P@d6+ Kf8 22. Nxe6+ Kg8 
23. Qd8+ B@f8 24. P@e7 fxe6 25. e8=Q N@g4+ 26. Kd2 B@e3+ 27. Kd3 N@e5+ 28. dxe5 
Ndxe5+ 29. Ke4 P@f5# 
{Eyefor checkmated} 0-1

[Event "fics rated crazyhouse match"]
[Site "fics, Oklahoma City, OK USA"]
[Date "2000.03.16"]
[White "LordPixel"]
[WhiteElo "2416"]
[Black "Eyefor"]
[BlackElo "2374"]
[TimeControl "60+0"]
[Result "1-0"]

1. e4 e6 2. d4 Nf6 3. e5 Nd5 4. Nf3 Nc6 5. Be2 d6 6. exd6 
cxd6 7. O-O Be7 8. c4 Nf6 9. Nc3 P@c7 10. P@b5 Nb8 11. Ng5 d5 
12. Nxf7 Kxf7 13. P@e5 Ne4 14. Nxe4 dxe4 15. N@c3 N@f5 16. Nxe4 Nxd4 17. Bh5+ 
P@g6 18. Bf3 Kf8 19. P@d6 N@f5 20. dxe7+ Nxe7 21. Bg5 Ke8 22. Nd6+ cxd6 
23. Qxd4 N@f5 24. Qf4 dxe5 25. Qxe5 P@d6 26. Bxe7 Qxe7 27. Qe2 Nd4 28. Qd1 
Nxf3+ 29. Qxf3 P@c2 30. P@f7+ Qxf7 31. Qxf7+ Kxf7 32. N@g5+ Kf6 33. Q@c3+ B@e5 
34. N@e4+ Ke7 35. Qxc2 Ke8 36. N@c7+ Kf8 37. Nxa8 
{Eyefor forfeits on time} 1-0

[Event "fics rated crazyhouse match"]
[Site "fics, Oklahoma City, OK USA"]
[Date "2000.03.16"]
[White "Eyefor"]
[WhiteElo "2367"]
[Black "LordPixel"]
[BlackElo "2423"]
[TimeControl "60+0"]
[Result "0-1"]

1. e4 Nf6 2. e5 Nd5 3. d4 Nc6 4. Bc4 e6 5. Bxd5 exd5 6. Nc3 
B@b4 7. Ne2 d6 8. exd6 Bfxd6 9. P@c5 Be7 10. N@h5 Rg8 11. a3 Bxc3+ 
12. Nxc3 g6 13. Nf4 N@f5 14. Ncxd5 Nfxd4 15. Nxe7 Qxe7+ 16. P@e3 P@b3 17. B@d3 
bxc2 18. Bxc2 Nxc2+ 19. Qxc2 N@d4 20. Qd2 P@f3 21. Nd5 fxg2 22. N@f6+ Kd8 
23. Nxe7 gxh1=Q+ 24. B@f1 Qxf1+ 25. Kxf1 R@h1+ 26. Kg2 B@f3+ 27. Kg3 Rg1+ 28. P@g2 
Rxg2+ 29. Kh4 P@g5# 
{Eyefor checkmated} 0-1

[Event "fics rated crazyhouse match"]
[Site "fics, Oklahoma City, OK USA"]
[Date "2000.03.16"]
[White "LordPixel"]
[WhiteElo "2430"]
[Black "Eyefor"]
[BlackElo "2360"]
[TimeControl "60+0"]
[Result "0-1"]

1. e4 e6 2. d4 d5 3. exd5 exd5 4. Bb5+ c6 5. Qe2+ Be7 6. Bf4 
cxb5 7. Qxb5+ B@c6 8. Qb3 Na6 9. P@b5 Bb4+ 10. Bd2 Qe7+ 11. P@e5 Bxb5 
12. Bxb4 Qxb4+ 13. Nd2 P@e2 14. Nxe2 Bxe2 15. Qxd5 N@f4 16. Qb3 Qxd4 17. B@c3 
Qd7 18. P@d6 B@a4 19. Qa3 Bxc2 20. P@e7 Qg4 21. Nf3 Qxg2 22. Rg1 Qxf3 
23. Rxg7 P@d2+ 24. Bxd2 Qh1+ 25. Rg1 Qxg1# 
{LordPixel checkmated} 0-1

[Event "fics rated crazyhouse match"]
[Site "fics, Oklahoma City, OK USA"]
[Date "2000.03.16"]
[White "Eyefor"]
[WhiteElo "2370"]
[Black "LordPixel"]
[BlackElo "2420"]
[TimeControl "60+0"]
[Result "0-1"]

1. e4 Nf6 2. e5 Nd5 3. d4 Nc6 4. Bc4 e6 5. Bxd5 exd5 6. Nc3 
B@b4 7. Ne2 d6 8. exd6 Bfxd6 9. P@c5 Be7 10. N@h5 Rg8 11. a3 Bxc3+ 
12. Nxc3 g6 13. Nf4 N@f5 14. Ncxd5 Nfxd4 15. B@b4 P@e2 16. Nxc7+ Qxc7 17. Nxe2 
N@f3+ 18. gxf3 Nxf3+ 19. Kf1 Nxb4 20. axb4 Nxh2+ 21. Rxh2 Qxh2 22. N@d6+ Kf8 
23. P@g2 R@h1+ 24. N@g1 P@f3 25. gxf3 P@g2+ 26. Ke1 Rxg1+ 27. Nxg1 Qxg1+ 28. Ke2 
B@f1+ 29. Ke1 Bc4+ 30. N@f1 gxf1=Q+ 31. Kd2 Qxd1+ 32. Ke3 Q@d4# 
{Eyefor checkmated} 0-1

[Event "fics rated crazyhouse match"]
[Site "fics, Oklahoma City, OK USA"]
[Date "2000.03.16"]
[White "LordPixel"]
[WhiteElo "2427"]
[Black "Eyefor"]
[BlackElo "2363"]
[TimeControl "60+0"]
[Result "1-0"]

1. e4 e6 2. d4 d6 3. Nc3 Nf6 4. Nf3 Be7 5. Be2 Nc6 6. Bf4 
Nh5 7. Be3 Nf6 8. Ng5 Rf8 9. Bb5 h6 10. d5 exd5 11. exd5 Nxd5 
12. Qxd5 hxg5 13. Bxc6+ bxc6 14. Qxc6+ Bd7 15. Qe4 N@f6 16. Qd3 B@f5 17. P@e4 
Bg6 18. N@b7 Qc8 19. P@a6 P@f4 20. Bd2 P@b4 21. Nxd6+ Bxd6 22. P@b7 Qb8 
23. bxa8=Q Qxa8 24. Qxd6 cxd6 25. N@c7+ Ke7 26. N3d5+ Nxd5 27. Nxd5+ Qxd5 28. exd5 
Bxc2 29. R@e2+ N@e4 30. N@c6+ Bxc6 31. Q@c7+ Q@d7 32. Qxc6 Qxc6 33. dxc6 N@d3+ 
34. Kf1 N@c5 35. Rxe4+ Nxe4 36. Q@d7+ Kf6 37. N@g4+ Kg6 38. B@f5+ Kh5 39. Qxf7+ 
Rxf7 40. B@g6+ Kh4 41. g3+ fxg3 42. hxg3# 
{Eyefor checkmated} 1-0

[Event "fics rated crazyhouse match"]
[Site "fics, Oklahoma City, OK USA"]
[Date "2000.03.16"]
[White "Eyefor"]
[WhiteElo "2356"]
[Black "LordPixel"]
[BlackElo "2434"]
[TimeControl "60+0"]
[Result "0-1"]

1. e4 Nf6 2. Nc3 d5 3. exd5 Nxd5 4. d4 e6 5. Nxd5 exd5 6. Nf3 
Nc6 7. Be2 P@e4 8. Ne5 Nxe5 9. dxe5 N@c4 10. Bxc4 dxc4 11. Qxd8+ Kxd8 
12. Q@d5+ Q@d7 13. Qxd7+ Bxd7 14. Q@d5 N@b4 15. Qxe4 B@d5 16. Bg5+ Kc8 17. Qe2 
Bxg2 18. P@e7 Nxc2+ 19. Qxc2 Q@a5+ 20. Kd1 Bf3+ 21. P@e2 Qd5+ 22. Ke1 Bxe7 
23. exf3 P@g2 24. Rg1 Qxe5+ 25. Be3 Qxh2 26. N@e2 Bb4+ 27. B@c3 P@d3 28. Rxg2 
Qxg2 29. Bxb4 R@f1+ 30. Kd2 dxc2 31. Rxf1 Q@d3+ 32. Kc1 Qxf1+ 33. N@d1 cxd1=Q# 
{Eyefor checkmated} 0-1

[Event "fics rated crazyhouse match"]
[Site "fics, Oklahoma City, OK USA"]
[Date "2000.03.16"]
[White "LordPixel"]
[WhiteElo "2440"]
[Black "Eyefor"]
[BlackElo "2350"]
[TimeControl "60+0"]
[Result "1-0"]

1. e4 e6 2. d4 d6 3. Nf3 Nf6 4. Bd3 Be7 5. e5 Ng4 6. Qe2 
Nc6 7. exd6 Bxd6 8. h3 Nxf2 9. Qxf2 P@g3 10. Qd2 Bb4 11. P@c3 Bd6 
12. N@h5 Kf8 13. Nxg7 P@f2+ 14. Kd1 Kxg7 15. P@c5 Be7 16. Qf4 N@f5 17. Bxf5 
exf5 18. Qxg3+ B@g6 19. Qxf2 Kf8 20. Bh6+ Kg8 21. P@g7 Bf6 22. gxh8=Q+ Bxh8 
23. P@g7 Bxg7 24. Bxg7 Kxg7 25. B@g5 f6 26. Bxf6+ Qxf6 27. P@g5 Qe7 28. N@h6 
P@e2+ 29. Ke1 Qd8 30. Qxe2 Kh8 31. P@g7+ Kxg7 32. R@g8+ Qxg8 33. Nxg8 
{Eyefor forfeits on time} 1-0

[Event "fics rated crazyhouse match"]
[Site "fics, Oklahoma City, OK USA"]
[Date "2000.03.16"]
[White "Eyefor"]
[WhiteElo "2344"]
[Black "LordPixel"]
[BlackElo "2446"]
[TimeControl "60+0"]
[Result "1-0"]

1. e4 e6 2. d4 d6 3. Nf3 Nf6 4. Bd3 Nc6 5. c3 d5 6. e5 
Ne4 7. O-O Be7 8. Be3 Bd7 9. Qe2 h5 10. Bc1 f5 11. exf6 Nxf6 
12. P@f7+ Kxf7 13. Ng5+ Kf8 14. Qxe6 Bxe6 15. Nxe6+ Kg8 16. P@g6 P@f7 17. gxf7+ 
Kxf7 18. B@g6+ Kxe6 19. Bdf5+ Kd6 20. P@c5# 
{LordPixel checkmated} 1-0

[Event "fics rated crazyhouse match"]
[Site "fics, Oklahoma City, OK USA"]
[Date "2000.03.16"]
[White "LordPixel"]
[WhiteElo "2436"]
[Black "Eyefor"]
[BlackElo "2354"]
[TimeControl "60+0"]
[Result "1-0"]

1. e4 e6 2. d4 d5 3. exd5 exd5 4. Bb5+ Bd7 5. Qe2+ Qe7 6. Bxd7+ 
Nxd7 7. Bf4 Qxe2+ 8. Nxe2 Bb4+ 9. Nbc3 Ba5 10. B@h3 Ngf6 11. P@e5 Bxc3+ 
12. Nxc3 N@b4 13. exf6 Nxc2+ 14. Kd2 Nxf6 15. B@a4+ P@c6 16. Bxc2 Q@b4 17. N@f5 
Rg8 18. N@d6+ Qxd6 19. Nxd6+ cxd6 20. Q@e2+ P@e4 21. Ke1 B@c4 22. Nxe4 Bxe2 
23. Nxf6+ gxf6 24. Q@d7+ Kf8 25. N@e6+ fxe6 26. Bxd6+ P@e7 27. Qxe7# 
{Eyefor checkmated} 1-0

[Event "fics rated crazyhouse match"]
[Site "fics, Oklahoma City, OK USA"]
[Date "2000.03.16"]
[White "Eyefor"]
[WhiteElo "2348"]
[Black "LordPixel"]
[BlackElo "2442"]
[TimeControl "60+0"]
[Result "0-1"]

1. e4 e6 2. d4 d5 3. exd5 exd5 4. Bb5+ c6 5. Qe2+ Be7 6. Bf4 
cxb5 7. Qxb5+ B@c6 8. Qb3 Na6 9. P@b5 Bb4+ 10. Bd2 Qe7+ 11. P@e5 Bxb5 
12. Bxb4 Qxb4+ 13. Qxb4 Nxb4 14. Kd2 B@f4+ 15. B@e3 Bxe3+ 16. fxe3 Q@f2+ 17. B@e2 
Qxg2 18. Q@f3 Qxe2+ 19. Nxe2 B@g4 20. Qg3 Bbxe2 21. Kc1 B@e4 22. Q@a4+ Nc6 
23. Re1 N@f5 24. Qf2 P@b5 25. Qb3 Bc4 26. Qc3 P@e2 27. Nd2 P@b4 28. Qxc4 
bxc4 29. Rxe2 Bxc2 30. P@d7+ Bxd7 31. Re1 P@d3 32. Qxf5 Bgxf5 33. N@c7+ Kd8 
34. Nxa8 P@f2 35. R@f8+ Be8 36. Rf1 c3 37. B@c7+ Kd7 38. e6+ Bxe6 39. bxc3 
P@b2# 
{Eyefor forfeits on time} 0-1

[Event "fics rated crazyhouse match"]
[Site "fics, Oklahoma City, OK USA"]
[Date "2000.03.16"]
[White "LordPixel"]
[WhiteElo "2448"]
[Black "Eyefor"]
[BlackElo "2342"]
[TimeControl "60+0"]
[Result "1-0"]

1. e4 e6 2. d4 Nc6 3. Be3 d5 4. e5 Nge7 5. Nh3 Nf5 6. Be2 
Nxe3 7. fxe3 Qh4+ 8. Nf2 Bb4+ 9. c3 Bf8 10. Nd2 Qe7 11. Nf3 B@b6 
12. Nd3 Na5 13. N@g5 h6 14. Nxf7 Qxf7 15. P@c5 N@c1 16. Qxc1 Qg6 17. cxb6 
Qxg2 18. Rg1 Qxe2+ 19. Kxe2 axb6 20. B@a4+ P@c6 21. Ke1 Nc4 22. N@g6 Rxa4 
23. Nxh8 P@d2+ 24. Nxd2 B@h4+ 25. P@g3 Bxg3+ 26. Rxg3 P@f7 27. Q@g8 B@h5 28. R@b8 
Nxd2 29. Rxc8+ Kd7 30. Qxd2 N@c4 31. Qxf8 Nxd2 32. N@b8# 
{Eyefor checkmated} 1-0

[Event "fics rated crazyhouse match"]
[Site "fics, Oklahoma City, OK USA"]
[Date "2000.03.16"]
[White "Eyefor"]
[WhiteElo "2336"]
[Black "LordPixel"]
[BlackElo "2454"]
[TimeControl "60+0"]
[Result "0-1"]

1. e4 Nf6 2. Nc3 d5 3. exd5 Nxd5 4. Nf3 e6 5. d4 Bb4 6. Bd2 
Bxc3 7. Bxc3 Nxc3 8. bxc3 P@b2 9. B@b5+ B@c6 10. Rb1 N@e4 11. N@a4 Nxf2 
12. Kxf2 P@e4 13. Ne5 Bxb5 14. Bxb5+ B@d7 15. Nxd7 Nxd7 16. Nc5 e3+ 17. Ke1 
N@f2 18. Bxd7+ Bxd7 19. Nxb7 Nxd1 20. N@d6+ Kf8 21. N@e4 Nxc3 22. Nxc3 Q@d2+ 
23. Kf1 Qf2# 
{Eyefor checkmated} 0-1

[Event "fics rated crazyhouse match"]
[Site "fics, Oklahoma City, OK USA"]
[Date "2000.03.16"]
[White "LordPixel"]
[WhiteElo "2459"]
[Black "Eyefor"]
[BlackElo "2331"]
[TimeControl "60+0"]
[Result "1-0"]

1. e4 e6 2. d4 d6 3. Nf3 Nf6 4. Bd3 Be7 5. e5 Nd5 6. O-O 
Nc6 7. exd6 Bxd6 8. P@e5 Bb4 9. a3 Be7 10. h3 P@f5 11. Bd2 Bd7 
12. Bc4 Rb8 13. Bxd5 exd5 14. Nc3 B@h5 15. Nxd5 Nxd4 16. Nxd4 P@h2+ 17. Kxh2 
Bxd1 18. Raxd1 Q@c5 19. Nxe7 Qxd4 20. N@f3 Qxb2 21. N@d5 P@e2 22. Kh1 Qxc2 
23. Rde1 exf1=Q+ 24. Rxf1 P@e2 25. Re1 R@f1+ 26. B@g1 Rxe1 27. Bxe1 N@f4 28. P@d6 
Nxd5 29. Nxd5 cxd6 30. P@e7 Qxe7 31. Nxe7 Kxe7 32. N@d5+ Kf8 33. Q@e7+ Kg8 
34. Qxd6 Rd8 35. R@f8+ Rxf8 36. Ne7# 
{Eyefor checkmated} 1-0

[Event "fics rated crazyhouse match"]
[Site "fics, Oklahoma City, OK USA"]
[Date "2000.03.16"]
[White "Eyefor"]
[WhiteElo "2326"]
[Black "LordPixel"]
[BlackElo "2464"]
[TimeControl "60+0"]
[Result "1-0"]

1. e4 Nf6 2. Nc3 d5 3. exd5 Nxd5 4. Nf3 e6 5. d4 Bb4 6. Bd2 
Bxc3 7. Bxc3 Nxc3 8. bxc3 P@b2 9. Bb5+ c6 10. B@g5 bxa1=Q 11. Qxa1 Qc7 
12. N@h5 R@e4+ 13. Kd1 N@f5 14. Bd3 h6 15. Bxh6 Rxh6 16. Nxg7+ Nxg7 17. Bxe4 
N@f6 18. P@d3 Ng4 19. R@g8+ B@f8 20. Rxf8+ Kxf8 21. B@g3 B@f4 22. Bxf4 Nxf2+ 
23. Ke2 Qxf4 24. P@e7+ Ke8 25. B@e5 P@b2 26. Bxf4 
{LordPixel forfeits on time} 1-0

[Event "fics rated crazyhouse match"]
[Site "fics, Oklahoma City, OK USA"]
[Date "2000.03.16"]
[White "LordPixel"]
[WhiteElo "2453"]
[Black "Eyefor"]
[BlackElo "2337"]
[TimeControl "60+0"]
[Result "1-0"]

1. e4 e6 2. d4 Nf6 3. e5 Nd5 4. Nf3 Nc6 5. Be2 d6 6. exd6 
cxd6 7. O-O Be7 8. c4 Nf6 9. Nc3 P@c7 10. P@b5 Nb8 11. Ng5 d5 
12. Nxf7 Kxf7 13. P@e5 Ne4 14. Nxe4 dxe4 15. N@c3 N@f5 16. Nxe4 Nxd4 17. Bh5+ 
P@g6 18. Bf3 Kf8 19. P@d6 N@c2 20. dxe7+ Qxe7 21. B@c5 Qxc5 22. Nxc5 B@e8 
23. Bxb7 P@e2 24. Bxc8 exd1=N 25. Q@f4+ Kg8 26. Bxe6+ Nxe6 27. Nxe6 B@e7 28. P@b7 
g5 29. Qd2 Nxa1 30. bxa8=Q Nxf2 31. N@h6+ gxh6 32. R@g7# 
{Eyefor checkmated} 1-0

[Event "fics rated crazyhouse match"]
[Site "fics, Oklahoma City, OK USA"]
[Date "2000.03.16"]
[White "Eyefor"]
[WhiteElo "2332"]
[Black "LordPixel"]
[BlackElo "2458"]
[TimeControl "60+0"]
[Result "1-0"]

1. e4 Nf6 2. Nc3 d5 3. exd5 Nxd5 4. Nf3 e6 5. d4 Bb4 6. Bd2 
Nxc3 7. bxc3 N@b2 8. Qb1 Ba3 9. N@b5 Qe7 10. P@d6 Bxd6 11. Qxb2 P@a3 
12. Qb1 P@b2 13. N@h5 bxa1=Q 14. Nxg7+ Kf8 15. Qxa1 Kxg7 16. P@e5 Bxe5 17. Nxe5 
P@b2 18. Qd1 R@e4+ 19. B@e2 Rxe5 20. dxe5 Kg8 21. P@d6 cxd6 22. exd6 Qf8 
23. P@e7 Qe8 24. Nc7 b1=R 25. Qxb1 Qxe7 26. dxe7 N@f8 27. exf8=Q+ Kxf8 28. R@e8+ 
Kg7 29. Q@h6# 
{LordPixel checkmated} 1-0

[Event "fics rated crazyhouse match"]
[Site "fics, Oklahoma City, OK USA"]
[Date "2000.03.16"]
[White "LordPixel"]
[WhiteElo "2447"]
[Black "Eyefor"]
[BlackElo "2343"]
[TimeControl "60+0"]
[Result "1-0"]

1. e4 Nf6 2. Nc3 d5 3. exd5 Nxd5 4. Nf3 e6 5. d4 Bb4 6. Bd2 
Bxc3 7. Bxc3 Nxc3 8. bxc3 P@b2 9. Bb5+ c6 10. B@g5 bxa1=Q 11. Qxa1 Qc7 
12. N@h5 R@e4+ 13. Kd1 N@f5 14. Bd3 B@g6 15. Bxe4 Bxh5 16. Bxf5 Bxf3+ 17. gxf3 
N@b3 18. axb3 exf5 19. R@d8+ Qxd8 20. Bxd8 Kxd8 21. Q@d6+ Bd7 22. P@c7+ Ke8 
23. N@f6+ gxf6 24. N@g7# 
{Eyefor checkmated} 1-0

[Event "fics rated crazyhouse match"]
[Site "fics, Oklahoma City, OK USA"]
[Date "2000.03.16"]
[White "Eyefor"]
[WhiteElo "2337"]
[Black "LordPixel"]
[BlackElo "2453"]
[TimeControl "60+0"]
[Result "1-0"]

1. e4 e6 2. d4 d6 3. Nf3 Nf6 4. Bd3 Be7 5. e5 Ng4 6. Qe2 
Nc6 7. exd6 Bxd6 8. h3 Nxf2 9. Qxf2 P@g3 10. Qd2 Bb4 11. P@c3 Be7 
12. N@h5 P@f2+ 13. Kd1 Bf6 14. Nxg3 Nxd4 15. cxd4 Bxd4 16. Nxd4 P@e5 17. B@b5+ 
Kf8 18. Nf3 a6 19. Qxf2 axb5 20. Nxe5 P@f6 21. N@g5 B@d4 22. Nexf7 Bxf2 
23. Nxd8 Q@e7 24. P@d6 cxd6 25. Q@f7+ Qxf7 26. Ngxf7 Bxg3 27. P@f2 Bxf2 28. Nxh8 
Q@h5+ 29. P@g4 Qe8 30. R@g8+ Kxg8 31. P@f7+ Qxf7 32. Ndxf7 P@e4 33. Nh6+ gxh6 
34. Q@f7+ Kxh8 35. Q@g7# 
{LordPixel checkmated} 1-0

[Event "fics rated crazyhouse match"]
[Site "fics, Oklahoma City, OK USA"]
[Date "2000.03.16"]
[White "LordPixel"]
[WhiteElo "2422"]
[Black "Eyefor"]
[BlackElo "2355"]
[TimeControl "60+0"]
[Result "1-0"]

1. e4 e6 2. d4 d6 3. Nf3 Nf6 4. Bd3 Be7 5. e5 Nd5 6. O-O 
Nc6 7. exd6 Bxd6 8. P@e5 Bb4 9. a3 Be7 10. h3 P@c5 11. dxc5 Bxc5 
12. P@b5 Nd4 13. Nxd4 Bxd4 14. N@f3 Bc5 15. Bg5 P@h2+ 16. Kxh2 Be7 17. Bxe7 
Qxe7 18. B@h4 Qd7 19. Kg1 N@f4 20. P@f6 gxf6 21. Bxf6 Nxf6 22. P@g7 Rg8 
23. exf6 Nxd3 24. cxd3 B@d4 25. Nxd4 Qxd4 26. B@c3 Qd8 27. N@c5 P@h2+ 28. Kh1 
N@f4 29. N@h5 Nxg2 30. Kxg2 Qd5+ 31. N@e4 P@c2 32. Qxc2 B@d6 33. P@d7+ Bxd7 
34. Nxd7 P@b3 35. Qe2 Kxd7 36. B@f4 Bxf4 37. Nxf4 N@h4+ 38. Kxh2 B@d6 39. Nxd6 
Qxd6 40. P@e5 Qb6 41. Qh5 N@g6 42. Kh1 B@f3+ 43. Qxf3 Nxf3 44. B@g3 
{Eyefor forfeits on time} 1-0

[Event "fics rated crazyhouse match"]
[Site "fics, Oklahoma City, OK USA"]
[Date "2000.03.16"]
[White "Eyefor"]
[WhiteElo "2349"]
[Black "LordPixel"]
[BlackElo "2428"]
[TimeControl "60+0"]
[Result "0-1"]

1. e4 e6 2. d4 d5 3. exd5 exd5 4. Bb5+ c6 5. Qe2+ Be7 6. Bf4 
cxb5 7. Qxb5+ B@c6 8. Qb3 Na6 9. P@b5 Qa5+ 10. Kd1 Qxb5 11. Qxb5 Bxb5 
12. P@e2 Q@f1+ 13. Kd2 Qxf2 14. Q@g3 Qxd4+ 15. Kc1 P@a3 16. Nxa3 Bxa3 17. Rb1 
N@c3 18. Qxc3 Qxc3 19. Nf3 Bxb2+ 20. Rxb2 Q@a1+ 21. B@b1 Qaxb2+ 22. Kd1 Qxb1+ 
23. N@c1 Qbxc2# 
{Eyefor checkmated} 0-1

[Event "fics rated crazyhouse match"]
[Site "fics, Oklahoma City, OK USA"]
[Date "2000.03.16"]
[White "LordPixel"]
[WhiteElo "2434"]
[Black "Eyefor"]
[BlackElo "2343"]
[TimeControl "60+0"]
[Result "0-1"]

1. e4 e6 2. d4 Nc6 3. Be3 d5 4. e5 Be7 5. Nh3 Bh4 6. Be2 
Nge7 7. O-O Nf5 8. Qd3 Nxe3 9. Qxe3 B@e4 10. N@h5 Rg8 11. Qd2 Bxg2 
12. Kxg2 g6 13. N5f4 P@g5 14. B@f6 gxf4 15. Bxd8 Bxd8 16. Kg1 N@e4 17. Qd1 
B@b6 18. Nxf4 g5 19. Nxd5 exd5 20. h3 N@f4 21. P@g2 Bxd4 22. P@d7+ Bxd7 
23. Q@h6 P@h2+ 24. Kh1 Nxe2 25. Qxe2 Nxe5 26. Qxh7 Nf6 27. Qxg8+ Nxg8 28. P@e6 
Bxe6 29. N@g7+ Kf8 30. Nxe6+ fxe6 31. B@b4+ P@d6 32. Nc3 N@f4 33. Qd2 P@c5 
34. Ba3 P@f3 35. Kxh2 Bxc3 36. bxc3 fxg2 37. Kg1 Q@h1# 
{LordPixel checkmated} 0-1